 Dungeon Crawl Stone Soup version 0.29-a0-878-g7b45a56547 (webtiles) character file.

Game seed: 17469228056307754982

52 LynnLen the Sneak (level 3, -1/20 HPs)
             Began as a Vampire Enchanter on July 19, 2022.
             Slain by Jessica
             ... wielding a +0 club
              (3 damage)
             ... on level 3 of the Dungeon.
             The game lasted 00:04:16 (2080 turns).

LynnLen the Sneak (Vampire Enchanter)               Turns: 2080, Time: 00:04:17

Health: -1/20      AC:  4    Str:  7    XL:     3   Next: 60%
Magic:  15/15      EV: 12    Int: 17    God:
Gold:   83         SH:  0    Dex: 16    Spells: 6/6 levels left

rFire   . . .      SeeInvis +   a - +1 dagger
rCold   + + .      Faith    .   (no shield)
rNeg    + + +      Spirit   .   i - +1 leather armour
rPois   ∞          Reflect  .   (no helmet)
rElec   .          Harm     .   (no cloak)
rCorr   .          Rampage  .   (no gloves)
Will    .....                   (no boots)
Stlth   +++++.....              (no amulet)
HPRegen 0.00/turn               h - ring of magical power
MPRegen 0.14/turn               (no ring)

@: bloodless, inhibited regen
A: bloodless, fangs 3, see invisible, vampiric 2
a: Bat Form, Revivify


You were on level 3 of the Dungeon.
You visited 1 branch of the dungeon, and saw 3 of its levels.

You collected 83 gold pieces.

Inventory:

Hand Weapons
 a - a +1 dagger (weapon)
Armour
 i - a +1 leather armour (worn)
Jewellery
 d - a ring of protection from fire
 h - a ring of magical power (left hand)
Scrolls
 f - a scroll of teleportation
Potions
 c - 2 potions of invisibility
 e - a potion of curing {unknown}
 j - 2 potions of degeneration {unknown}


   Skills:
 * Level 1.0 Fighting
 * Level 2.7 Short Blades
 + Level 2.4 Dodging
 + Level 5.3 Stealth
 - Level 2.0 Spellcasting
 - Level 4.4 Hexes


You had 6 spell levels left.
You didn't know any spells.
Your spell library contained the following spells:

 Spells                   Type           Power      Damage    Failure   Level
 Confusing Touch          Hex            16%        N/A       14%         3
 Tukima's Dance           Hex            16%        N/A       14%         3
 Ensorcelled Hibernation  Hex/Ice        18%        N/A       19%         2
 Foxfire                  Conj/Fire      4%         2x1d4     28%         1
 Dazzling Flash           Conj/Hex       18%        N/A       34%         3
 Inner Flame              Hex/Fire       9%         N/A       34%         3
 Conjure Flame            Conj/Fire      1%         6-21      65%         3
 Flame Wave               Conj/Fire      1%         2d4       96%         4


Dungeon Overview and Level Annotations

Branches:
Dungeon (3/15)

Altars:

Annotations:
D:3 Jessica


Innate Abilities, Weirdness & Mutations

You do not regenerate when monsters are visible.
You are frail without blood (-20% HP).
You can heal yourself when you bite living creatures.
You are immune to poison.
You have razor-sharp teeth.
You have supernaturally acute eyesight. (SInv)
You are afflicted with vampirism and can become a bat while bloodless.


Message History

Partly explored, can't reach some places.
Partly explored, can't reach some places.
Partly explored, can't reach some places.
Partly explored, can't reach some places.
Partly explored, can't reach some places.
As you read the scroll labelled HYSKET LYIPOCK, it crumbles to dust.
It is a scroll of enchant armour.
Your +0 leather armour glows green for a moment.
There is a stone staircase leading up here.
You start removing your armour.
You continue taking off your +0 hat. x4
You finish taking off your +0 hat.
You start putting on your armour.
You continue putting on your +0 hat. x4
You finish putting on your +0 hat.
You start removing your armour.
You continue taking off your +0 hat. x4
You finish taking off your +0 hat.
There is a stone staircase leading down here.
You climb downwards.
Found a chain mail and 7 stones.
Found a stone staircase leading down.
There is a stone staircase leading up here.
You drop a +0 hat.
Found 9 gold pieces.
You see here a +0 chain mail.
Jessica the Apprentice Sorceress comes into view.
She is wielding a +0 club and carrying a wand of flame (26).
Jessica shouts!
You see here 7 stones.
Jessica closely misses you.
You hit Jessica but do no damage. Your bite misses Jessica.
You hit Jessica but do no damage.
Jessica casts a spell.
Jessica seems to speed up.
You hit Jessica but do no damage. Jessica hits you with a +0 club!
Jessica hits you with a +0 club.
You hit Jessica.
Jessica is lightly wounded.
Jessica zaps a wand.
The puff of flame hits you!
* * * LOW HITPOINT WARNING * * *
You closely miss Jessica.
Jessica is lightly wounded.
Jessica hits you with a +0 club.
You die...

... #.# #<#
#.# #.#
##[####.#.
#.....$...
####(#####...
#.@@.# #.####
#


You could see Jessica (fast).

Vanquished Creatures
  A gnoll (D:2)
  An adder (D:2)
  3 dart slugs
  4 endoplasms
  2 giant cockroaches
  A goblin (D:2)
  2 hobgoblins (D:1)
  A quokka (D:2)
  6 ball pythons
  2 bats (D:1)
  2 frilled lizards
  A kobold (D:2)
  4 rats
30 creatures vanquished.

Vanquished Creatures (others)
  7 demonic plants (D:2)
  5 fungi (D:2)
  7 plants (D:2)
  3 withered plants (D:2)
22 creatures vanquished.

Grand Total: 52 creatures vanquished

Notes
Turn   | Place    | Note
-------+----------+-------------------------------------------
     0 | D:1      | LynnLen the Vampire Enchanter began the quest for the Orb.
     0 | D:1      | Reached XP level 1. HP: 13/13 MP: 3/3
   468 | D:1      | Reached XP level 2. HP: 14/16 MP: 5/5
   855 | D:2      | Reached skill level 5 in Stealth
  1203 | D:2      | Gained mutation: You are afflicted with vampirism and can
                  | become a bat while bloodless. [Vampire growth]
  1203 | D:2      | Reached XP level 3. HP: 18/20 MP: 6/6
  1474 | D:2      | Found a faded altar of an unknown god.
  1797 | D:2      | Reached skill level 1 in Fighting
  2073 | D:3      | Noticed Jessica
  2080 | D:3      | Slain by Jessica

Illustrated notes

Levels and vault maps discovered:
D:1:      nicolae_arrival_somewhat_less_tricky_arrival, layout_rooms
D:2:      layout_basic, shapermc_ecumenical_altar_gd
D:3:      cheibrodos_fertilizer, layout_loops_ring,
          mainiacjoe_overflow_six_doors_small, nrook_mini_vaults, uniq_grinder,
          uniq_sigmund, uniq_jessica

Skill      XL: |  1  2  3 |
---------------+----------+-----
Stealth        | 5 |  5.3
Short Blades   | 2 |  2.7
Fighting       | 1 |  1.0
Dodging        | |  2.4
Spellcasting   | |  2.0
Hexes          | |  4.4

Action                   || total
-------------------------++-------
Melee: Dagger            ||    63
       Bite              ||     6
       Punch             ||     3
 Abil: Exsanguinate      ||     1
  Use: Scroll            ||     4
 Stab: Sleeping          ||    12
Armor: Robe              ||     5
       Leather armour    ||     1
Dodge: Dodged            ||    27

Table legend: (Time is in decaauts)
 A = Elapsed time spent in this place.
 B = Non-inter-level travel time spent in this place.
 C = Inter-level travel time spent in this place.
 D = Time resting spent in this place.
 E = Time spent auto-exploring this place.
 F = Levels seen in this place.
 G = Mean time per level.
                   A        B        C        D        E       F      G
               +--------+--------+--------+--------+--------+-----+--------+
         Total |   2073 |   2073 |      0 |    166 |   1113 |   3 |  691.0 |
       Dungeon |   2073 |   2073 |      0 |    166 |   1113 |   3 |  691.0 |
               +--------+--------+--------+--------+--------+-----+--------+

Top non-repeatable levels by time:
     D:2: 1303 daAuts
     D:1: 758 daAuts
     D:3: 11 daAuts
